Map: [ESL] NeoHumanity

Players

Zoun - Winner!

  • Race: Protoss Protoss

Has

  • Race: Protoss Protoss
  • League: Gold

Event: IEM Katowice 2023

VOD

Have the link to the VOD?

Description

Time

  • Played on: Feb. 8, 2023, 8:03 a.m.
  • Length: 10:40

All games in this series

Show
View Real Time Build Order
Export as new Build Order

Zoun Protoss - Winner!

Build Orders: Phoenix Opening 

Get SALT Encoding   

  12  0:00  Probe  
  13  0:12  Probe  
  14  0:17  Pylon  
  14  0:24  Probe (Chrono Boost)  
  15  0:36  Gateway, Probe (Chrono Boost)  
  16  0:43  Probe (Chrono Boost)  
  16  0:45  Assimilator  
  17  0:51  Probe  
  17  0:56  Assimilator  
  18  1:03  Probe (Chrono Boost)  
  19  1:08  Gateway  
  19  1:13  Probe (Chrono Boost)  
  20  1:18  Probe (Chrono Boost)  
  20  1:23  Cybernetics Core  
  21  1:30  Probe  
  22  1:34  Pylon  
  22  1:42  Probe  
  23  1:54  Probe  
  24  1:59  Stalker  
  24  2:00  Warp Gate (Chrono Boost), Stalker  
  28  2:06  Probe  
  29  2:11  Pylon  
  29  2:31  Stalker x2  
  33  2:46  Stargate  
  33  3:02  Nexus  
  33  3:08  Shield Battery  
  33  3:23  Probe  
  34  3:31  Phoenix  
  36  3:35  Pylon  
  35  3:45  Stalker  
  35  3:46  Stalker  
  39  3:57  Robotics Facility  
  37  4:11  Stalker  
  37  4:12  Stalker  
  41  4:22  Shield Battery  
  39  4:35  Stalker x2  
  43  4:46  Immortal (Chrono Boost)  
  47  4:59  Sentry  
  49  5:00  Shield Battery  
  49  5:05  Stalker  
  51  5:12  Pylon  
  51  5:18  Pylon  
  51  5:24  Pylon  
  51  5:40  Immortal (Chrono Boost)  
  55  5:47  Pylon  
  55  5:58  Twilight Council  
  55  6:05  Stalker  
  58  6:11  Observer (Chrono Boost)  
  58  6:14  Gateway  
  58  6:30  Observer  
  58  6:31  Warp Prism  
  60  6:39  Blink (Chrono Boost)  
  60  6:47  Pylon  
  60  6:55  Stalker  
  62  7:06  Gateway  
  62  7:09  Stalker  
  64  7:18  Sentry  
  66  7:26  Pylon  
  66  7:34  Observer (Chrono Boost)  
  66  7:35  Stalker  
  68  7:38  Observer  
  68  7:50  Stalker  
  68  7:51  Observer  
  68  7:52  Warp Prism (Chrono Boost)  
  68  7:58  Observer  
  70  8:02  Stalker  
  72  8:07  Stalker  
  74  8:16  Stalker  
  76  8:30  Stalker  
  78  8:42  Pylon  
  78  8:48  Observer  
  78  8:52  Stalker  
  68  9:10  Stalker x2  
  68  9:16  Stalker  
  72  9:37  Stalker x2  
  76  9:50  Stalker  
  78  10:00  Observer  
  66  10:08  Stalker x2  
  60  10:34  Stalker x3  
Show
View Real Time Build Order
Export as new Build Order

Has Protoss 

Build Orders:  

Get SALT Encoding   

  12  0:00  Probe  
  13  0:12  Probe  
  14  0:17  Pylon  
  14  0:24  Probe (Chrono Boost)  
  16  0:35  Gateway  
  16  0:37  Probe (Chrono Boost)  
  16  0:42  Probe (Chrono Boost)  
  16  0:45  Assimilator  
  17  0:53  Probe  
  17  0:56  Assimilator  
  18  1:05  Gateway  
  18  1:07  Probe (Chrono Boost)  
  20  1:19  Probe (Chrono Boost)  
  20  1:22  Cybernetics Core  
  20  1:24  Probe (Chrono Boost)  
  21  1:30  Pylon  
  21  1:33  Probe  
  22  1:40  Pylon  
  22  1:46  Probe  
  23  1:58  Stalker  
  23  2:00  Warp Gate (Chrono Boost)  
  27  2:08  Pylon  
  27  2:12  Robotics Facility  
  26  2:22  Probe  
  28  2:24  Stalker  
  28  2:36  Stalker  
  30  2:53  Gateway  
  30  2:57  Shield Battery  
  30  2:58  Stalker  
  32  3:01  Observer (Chrono Boost)  
  33  3:13  Warp Prism (Chrono Boost)  
  34  3:48  Stalker x2  
  36  3:50  Stalker  
  36  3:55  Gateway  
  40  4:03  Observer  
  40  4:04  Pylon  
  40  4:18  Stalker  
  40  4:19  Stalker x2  
  46  4:46  Stalker x3  
  46  4:50  Stalker  
  54  5:05  Pylon  
  54  5:16  Probe  
  54  5:19  Twilight Council  
  55  5:24  Sentry  
  57  5:28  Pylon  
  57  5:37  Observer  
  57  5:38  Probe  
  58  5:46  Pylon  
  58  5:49  Observer  
  58  5:50  Blink (Chrono Boost), Probe  
  59  5:58  Immortal (Chrono Boost)  
  59  6:00  Observer  
  63  6:06  Observer  
  63  6:13  Stalker x2  
  67  6:28  Observer  
  67  6:35  Stalker x2  
  67  6:36  Stalker  
  73  6:45  Pylon  
  73  6:51  Observer  
  73  7:15  Stalker x2  
  77  7:25  Pylon  
  77  7:36  Stalker x2, Observer  
  81  7:39  Stalker  
  81  8:08  Pylon  
  81  8:10  Nexus  
  81  8:11  Shield Battery  
  80  8:13  Observer (Chrono Boost)  
  81  8:22  Stalker x2  
  85  8:31  Stalker  
  85  8:39  Pylon  
  73  9:01  Stalker  
  73  9:02  Stalker  
  67  9:12  Stalker  
  65  9:25  Stalker  
  67  9:31  Stalker  
  67  9:35  Stalker  
  71  9:50  Stalker  
  71  9:54  Stalker  
  73  10:05  Stalker  
  40  10:18  Stalker  
  40  10:19  Stalker  
  44  10:30  Zealot  

Tags
 
Add a new tag
Caveats
  • Supply blocks, unpowered buildings, or Contaminate may cause inaccurate times.
  • Supply counts are checked every 10 seconds.